 Dungeon Crawl Stone Soup version 0.25.0-9-g26727b657a (webtiles) character file.

Game seed: 16190937868630287242

65533 nikku the Warrior (level 14, 0/143 HPs)
             Began as a Minotaur Berserker on June 20, 2020.
             Was a High Priest of Trog.
             Slain by a death yak (5 damage)
             ... while petrified by you
             ... on level 6 of the Lair of Beasts on June 21, 2020.
             The game lasted 01:13:35 (19607 turns).

nikku the Warrior (Minotaur Berserker)             Turns: 19607, Time: 01:13:36

Health: 0/143      AC: 21    Str: 27    XL:     14   Next: 75%
Magic:  4/4        EV:  2    Int:  4    God:    Trog [*****.]
Gold:   1330       SH:  0    Dex: 12    Spells: 13/13 levels left

rFire    + . .     SeeInvis .   a - +3 broad axe (antimagic)
rCold    + + .     Gourm    .   s - +0 kite shield
rNeg     + + +     Faith    +   W - +4 chain mail {rC+}
rPois    ∞         Spirit   .   (helmet restricted)
rElec    .         Reflect  .   S - scarf {rC+ rF+}
rCorr    .         Harm     .   g - +1 pair of gloves
MR       ++++.                  L - +0 pair of boots
Stlth    ..........             u - amulet of faith
HPRegen  1.33/turn              l - ring of poison resistance
MPRegen  0.09/turn              w - ring of protection from magic

@: petrified, berserk cooldown, regenerating, slowed, studying Shields
A: retaliatory headbutt, horns 2, agile 1, high mp 1
a: Berserk, Trog's Hand, Brothers in Arms, Renounce Religion


You were on level 6 of the Lair of Beasts.
You worshipped Trog.
Trog was extremely pleased with you.
You were not hungry.

You visited 2 branches of the dungeon, and saw 17 of its levels.
You also visited: Bailey and Gauntlet.

You collected 1330 gold pieces.

Inventory:

Hand Weapons
 a - a +3 antimagic broad axe (weapon)
 b - a +1 hand axe of flaming
 A - a +0 broad axe
 K - a +2 hand axe of draining
 T - a +2 executioner's axe
Missiles
 p - 61 poisoned darts (quivered)
 J - 5 atropa-tipped darts
 M - 17 javelins
Armour
 g - a +1 pair of gloves (worn)
 o - a +1 ring mail of fire resistance
 s - a +0 kite shield (worn)
 I - +0 acid dragon scales
 L - a +0 pair of boots (worn)
 S - a scarf of resistance (worn)
 W - a +4 chain mail of cold resistance (worn)
Jewellery
 e - an uncursed ring of see invisible
 i - an uncursed amulet of the acrobat {unknown}
 j - an uncursed ring of protection from cold
 l - a ring of poison resistance (left hand)
 r - an uncursed ring of protection from fire
 u - an amulet of faith (around neck)
 w - a ring of protection from magic (right hand)
 N - an uncursed ring of flight
 Y - an uncursed ring of resist corrosion
Wands
 t - a wand of random effects (57)
 y - a wand of acid (19)
 F - a wand of flame (18)
 G - a wand of paralysis (18)
Scrolls
 q - 10 scrolls of teleportation
 v - 3 scrolls of magic mapping
 x - 13 scrolls of remove curse
 B - 4 scrolls of enchant armour
 C - 6 scrolls of enchant weapon
 E - 2 scrolls of identify
 P - a scroll of silence {unknown}
 Q - a scroll of blinking
 V - a scroll of fear
Potions
 d - 3 potions of heal wounds
 f - a potion of cancellation
 h - 2 potions of invisibility
 k - a potion of ambrosia
 m - 3 potions of might
 n - 3 potions of resistance
 z - 15 potions of curing
 O - a potion of lignification
 R - a potion of mutation
Books
 D - a manual of Shields
Miscellaneous
 H - a phial of floods
Comestibles
 c - 35 rations


   Skills:
 * Level 18.2 Fighting
 + Level 14.3 Axes
 + Level 13.4 Armour
 - Level 2.1 Dodging
 + Level 15.5 Shields


You had 13 spell levels left.
You didn't know any spells.
Your spell library was empty.

Dungeon Overview and Level Annotations

Branches:
Dungeon (11/15)            Temple (0/1) D:7            Lair (6/6) D:10
 Shoals (0/4) Lair:3        Snake (0/4) Lair:2        Slime (0/5) Lair:6
    Orc (0/2) D:10         Bailey (visited)         Gauntlet (visited)

Altars:
Ashenzari
Elyvilon
Gozag
Kikubaaqudgha
Makhleb
Sif Muna
Vehumet
Zin
Jiyva

Shops:
D:5 *(   D:10 [[(

Annotations:
D:3 2 runed translucent doors, Flugkiller's ghost, amateur DDFi


Innate Abilities, Weirdness & Mutations

You reflexively headbutt those who attack you in melee.
You have a pair of horns on your head.
You are agile. (Dex +2)
You have an increased reservoir of magic. (+10% MP)


Message History

The death yak gores you but does no damage.
The death yak gores you.
* * * LOW HITPOINT WARNING * * *
The death yak gores you!
* * * LOW HITPOINT WARNING * * *
The death yak gores you but does no damage.
The death yak gores you but does no damage. x4
The death yak gores you!
* * * LOW HITPOINT WARNING * * *
The death yak gores you!
* * * LOW HITPOINT WARNING * * *
The death yak gores you but does no damage.
The death yak gores you.
* * * LOW HITPOINT WARNING * * *
The death yak gores you.
* * * LOW HITPOINT WARNING * * *
The death yak gores you!
* * * LOW HITPOINT WARNING * * *
The death yak gores you!
You die...

### #.###
##...#####
#.P......
#P.YY.##
#.@YY.#
##.#YY..#
##..#T.....#
##
##..##.....÷.
#. #..P#
......8 ##
#...# ..##...
# #P..# .##
#.. # #...#
.. .. # ##..#
#


You could see 6 death yaks and a deep troll shaman.

Vanquished Creatures
  Kirke (Lair:4)
  An orc warlord (Bailey)
  A minotaur (Gauntlet)
  8 hydras
  A catoblepas (Lair:6)
  4 two-headed ogres
  A fire crab (Lair:4)
  A deep elf mage (D:9)
  An orc knight (Bailey)
  A shining eye (Gauntlet)
  A manticore (D:11)
  A cyclops (D:11)
  An elephant (Lair:1)
  3 black mambas
  A torpor snail (Lair:4)
  A minotaur zombie (Gauntlet)
  15 spiny frogs
  10 komodo dragons
  A queen bee (Lair:3)
  2 trolls
  3 polar bears
  A raiju (Gauntlet)
  8 hippogriffs
  22 dream sheep
  7 blink frogs
  4 flying skulls (Gauntlet)
  3 spriggans (Lair:1)
  23 yaks
  Eustachio (D:6)
  5 wyverns
  A basilisk (D:11)
  A golden eye (Gauntlet)
  6 hogs (Lair:4)
  A hungry ghost (D:8)
  Grum (D:10)
  2 nagas (Lair:2)
  2 wargs (D:10)
  An acid dragon (D:11)
  10 water moccasins
  A floating eye (Gauntlet)
  9 porcupines
  An ice beast (D:8)
  10 orc warriors
  A black bear (D:10)
  4 sky beasts
  A necrophage (D:6)
  9 centaurs
  6 ogres
  8 wolves
  10 crocodiles
  Blork the orc (D:6)
  5 big kobolds
  11 bullfrogs
  6 scorpions
  33 killer bees
  4 wights
  3 electric eels
  3 howler monkeys
  4 crimson imps
  A centaur zombie (D:9)
  A quasit (D:10)
  7 hounds
  6 orc priests
  A jelly (D:9)
  2 bullfrog skeletons
  2 centaur skeletons
  A gnoll shaman (D:5)
  3 iguanas
  2 hell rats (Lair:3)
  13 orc wizards
  6 worker ants
  2 lightning spires (Gauntlet)
  A hound zombie (D:8)
  A howler monkey zombie (D:7)
  2 worker ant zombies
  Robin (D:4)
  14 gnolls
  10 river rats (Lair:3)
  7 adders
  2 adder skeletons
  2 worms
  A dart slug (D:1)
  4 leopard geckos
  41 orcs
  2 ball pythons
  2 giant cockroaches (D:3)
  21 goblins
  7 hobgoblins
  12 jackals
  17 kobolds
  3 quokkas
  8 bats
  2 frilled lizards
  A jackal skeleton (D:4)
  A leopard gecko zombie (D:5)
  A quokka skeleton (D:6)
  15 rats
  4 fungi
  4 plants
521 creatures vanquished.

Vanquished Creatures (others)
  A human (Lair:4)
  An orc (D:8)
  A fungus (Lair:4)
  18 plants
21 creatures vanquished.

Grand Total: 542 creatures vanquished

Notes
Turn   | Place    | Note
-------+----------+-------------------------------------------
     0 | D:1      | nikku the Minotaur Berserker began the quest for the Orb.
     0 | D:1      | Reached XP level 1. HP: 19/19 MP: 0/0
   263 | D:1      | Reached skill level 4 in Fighting
   263 | D:1      | Reached XP level 2. HP: 13/27 MP: 1/1
  1063 | D:2      | Found a radiant altar of Vehumet.
  1068 | D:2      | Identified Vehumet's Compendium of Battle Magic
  1070 | D:2      | Found an ancient bone altar of Kikubaaqudgha.
  1071 | D:2      | Found a shimmering blue altar of Sif Muna.
  1104 | D:2      | Found a burning altar of Makhleb.
  1382 | D:2      | Reached XP level 3. HP: 34/34 MP: 2/2
  1509 | D:3      | Found a large runed translucent door.
  1515 | D:3      | Found a large runed translucent door.
  1515 | D:3      | Noticed Flugkiller's ghost (amateur DDFi)
  1538 | D:3      | Reached ** piety under Trog
  2064 | D:3      | Found a white marble altar of Elyvilon.
  2127 | D:3      | Reached skill level 5 in Fighting
  2127 | D:3      | Reached XP level 4. HP: 29/42 MP: 3/3
  2730 | D:4      | Reached XP level 5. HP: 41/48 MP: 4/4
  2807 | D:4      | Noticed Robin
  2822 | D:4      | Killed Robin
  2824 | D:4      | Reached skill level 6 in Fighting
  2827 | D:4      | Reached *** piety under Trog
  2827 | D:4      | Reached skill level 5 in Axes
  3144 | D:4      | Gained mutation: You occasionally shout uncontrollably at
                  | your foes. [potion of mutation]
  3144 | D:4      | Gained mutation: You are resistant to hostile enchantments.
                  | (MR+) [potion of mutation]
  3145 | D:4      | Lost mutation: You occasionally shout uncontrollably at
                  | your foes. [potion of mutation]
  3145 | D:4      | Lost mutation: You are resistant to hostile enchantments.
                  | (MR+) [potion of mutation]
  3145 | D:4      | Gained mutation: You are agile. (Dex +2) [potion of
                  | mutation]
  3145 | D:4      | Gained mutation: You have an increased reservoir of magic.
                  | (+10% MP) [potion of mutation]
  3165 | D:5      | Entered Level 5 of the Dungeon
  3165 | D:5      | Found a glowing silver altar of Zin.
  3178 | D:5      | Reached XP level 6. HP: 45/58 MP: 5/5
  3231 | D:5      | Found Jeruzy's General Store.
  3336 | D:5      | Reached skill level 7 in Fighting
  3390 | D:5      | Found Velefeub's Antique Weapon Shoppe.
  3498 | D:5      | Reached skill level 5 in Armour
  3498 | D:5      | Reached XP level 7. HP: 60/66 MP: 6/6
  3732 | D:5      | Reached skill level 8 in Fighting
  4061 | D:6      | Noticed Eustachio
  4071 | D:6      | Killed Eustachio
  4071 | D:6      | Reached skill level 9 in Fighting
  4071 | D:6      | Reached XP level 8. HP: 78/78 MP: 7/7
  4071 | D:6      | Noticed Blork the orc
  4223 | D:6      | Killed Blork the orc
  4664 | D:6      | Reached skill level 10 in Fighting
  4804 | D:7      | Found a staircase to the Ecumenical Temple.
  4852 | D:7      | Reached **** piety under Trog
  5014 | D:7      | Reached XP level 9. HP: 55/86 MP: 8/8
  5402 | D:7      | Reached skill level 11 in Fighting
  5594 | D:7      | Reached skill level 1 in Shields
  6777 | D:8      | Reached skill level 5 in Shields
  6912 | D:9      | Noticed a two-headed ogre
  6914 | D:9      | Noticed a troll
  6920 | D:9      | Killed a troll
  6922 | D:9      | Killed a two-headed ogre
  6922 | D:9      | Reached XP level 10. HP: 90/97 MP: 10/10
  7093 | D:9      | Found an opulent altar of Gozag.
  7159 | D:9      | Noticed a deep elf mage
  7170 | D:9      | Killed a deep elf mage
  7444 | D:9      | Reached skill level 12 in Fighting
  7564 | D:9      | Found the +3 giant club "Skullcrusher" {speed, Str+7}
  7662 | D:9      | Found a shattered altar of Ashenzari.
  7862 | D:10     | Entered Level 10 of the Dungeon
  7886 | D:10     | Found Hasisutt's Armour Boutique.
  7890 | D:10     | Found Losep's Weapon Emporium.
  7892 | D:10     | Found a staircase to the Orcish Mines.
  7905 | D:10     | Noticed Grum
  7908 | D:10     | Reached ***** piety under Trog
  7909 | D:10     | Found Pimp's Armour Emporium.
  7921 | D:10     | Reached skill level 10 in Axes
  7927 | D:10     | Killed Grum
  7970 | D:10     | Found a flagged portal.
  7987 | Bailey   | Entered a bailey
  8007 | Bailey   | Noticed an orc warlord
  8155 | Bailey   | Found a runed translucent gate.
  8157 | Bailey   | Found a runed translucent gate.
  8159 | Bailey   | Found a runed translucent gate.
  8165 | Bailey   | Noticed an orc knight
  8179 | Bailey   | Killed an orc knight
  8294 | Bailey   | Killed an orc warlord
  8294 | Bailey   | Reached skill level 10 in Armour
  8294 | Bailey   | Reached XP level 11. HP: 71/105 MP: 11/11
  8436 | D:10     | Found a staircase to the Lair.
  8734 | D:10     | Noticed a two-headed ogre
  8742 | D:10     | Killed a two-headed ogre
  9065 | D:10     | Identified a scroll of acquirement
  9139 | D:11     | Noticed a seven-headed hydra
  9224 | D:11     | Killed a 13-headed hydra
  9224 | D:11     | Reached skill level 10 in Shields
  9251 | D:11     | Reached skill level 13 in Fighting
  9317 | D:11     | Noticed a two-headed ogre
  9339 | D:11     | Killed a two-headed ogre
  9373 | D:11     | Noticed a two-headed ogre
  9386 | D:11     | Killed a two-headed ogre
 10058 | D:11     | Noticed a three-headed hydra
 10066 | D:11     | Killed a one-headed hydra
 10066 | D:11     | Reached XP level 12. HP: 112/116 MP: 12/12
 10165 | Lair:1   | Entered Level 1 of the Lair of Beasts
 10174 | Lair:1   | Reached skill level 14 in Fighting
 10306 | Lair:1   | Received a gift from Trog
 10616 | Lair:1   | Noticed a four-headed hydra
 10633 | Lair:1   | Killed an 11-headed hydra
 11120 | Lair:1   | Noticed a seven-headed hydra
 11130 | Lair:1   | Killed a two-headed hydra
 11772 | Lair:1   | Reached skill level 16 in Fighting
 11772 | Lair:1   | Reached XP level 13. HP: 128/128 MP: 13/13
 12242 | Lair:2   | Found a staircase to the Snake Pit.
 13661 | Lair:3   | Found a staircase to the Shoals.
 14017 | Lair:3   | Received a gift from Trog
 14993 | Lair:4   | Noticed Kirke
 15005 | Lair:4   | Reached XP level 14. HP: 138/138 MP: 14/14
 15009 | Lair:4   | Killed Kirke
 15009 | Lair:4   | Reached skill level 17 in Fighting
 15679 | Lair:4   | You fall into a shaft and drop 1 floor!
 15967 | Lair:4   | You fall into a shaft and drop 1 floor!
 17517 | Lair:6   | Entered Level 6 of the Lair of Beasts
 17530 | Lair:6   | Reached skill level 15 in Shields
 17572 | Lair:6   | Found a gate leading to a gauntlet.
 17582 | Gauntlet | Entered a Gauntlet
 17582 | Gauntlet | Found a transporter.
 17590 | Gauntlet | Found a transporter.
 17591 | Gauntlet | Found a transporter.
 17602 | Gauntlet | Found a transporter.
 17618 | Gauntlet | Found a transporter.
 17626 | Gauntlet | Found a transporter.
 17636 | Gauntlet | Found a transporter.
 17646 | Gauntlet | Found a transporter.
 17665 | Gauntlet | Found a transporter.
 17682 | Gauntlet | Found a transporter.
 17684 | Gauntlet | Found a transporter.
 17724 | Gauntlet | Found a transporter.
 17741 | Gauntlet | Found a transporter.
 17748 | Gauntlet | Found a transporter.
 17829 | Gauntlet | Paralysed by a floating eye for 2 turns
 17965 | Gauntlet | Got a scorched plate armour
 17966 | Gauntlet | Identified the +1 plate armour of Makhleb's Benevolence
                  | {Harm rElec rCorr} (You found it in a Gauntlet)
 18404 | Gauntlet | Got jewelled shadow dragon scales
 18405 | Gauntlet | Identified the cursed +1 shadow dragon scales of Ethics
                  | {Int+3 Stlth++++} (You found it in a Gauntlet)
 18423 | Lair:6   | Reached skill level 18 in Fighting
 18647 | Lair:6   | Found a staircase to the Slime Pits.
 18648 | Lair:6   | Found a viscous altar of Jiyva.
 18759 | Lair:6   | Received a gift from Trog
 19607 | Lair:6   | HP: 5/143 [death yak (3)]
 19607 | Lair:6   | Slain by a death yak

Illustrated notes

Levels and vault maps discovered:
D:1:      minmay_arrival_arboretum_small, layout_basic
D:2:      layout_basic, grunt_temple_overflow_magic_moments,
          overflow_temple_1_default
D:3:      layout_loops_cross, elyvilon_altar_3, ebering_ghost_disaster_area
D:4:      layout_rooms, first_ration, uniq_robin
D:5:      layout_cave_pools, lemuel_crystal_altar, serial_gnoll_camp,
          gnoll_camp_mini_loothouse, gnoll_camp_mini_shop,
          gnoll_camp_mini_basic, gnoll_camp_mini_shop
D:6:      layout_basic, sword_in_stone
D:7:      layout_gridville, minmay_temple_entry_slanted, hex_large
D:8:      layout_basic, chequers_serial_rivers_micro_a
D:9:      cheibrodos_elevator_heist, layout_small_grid, marbit_many_paths,
          grunt_gozag_breadcrumbs
D:10:     layout_loops_cross, erik_lair_orcish_takeover, orc_david_3,
          enter_bailey_3, serial_shops, shop, uniq_grum
D:11:     layout_basic, hangedman_ranch [blue_anna_fruit_fields]
Lair:1:   wad_woods_settlement, layout_big_grid, hangedman_lair_unloving_vines
Lair:2:   layout_cave_pods, minmay_snake_entry_guardpost_small
Lair:3:   layout_roguey, minmay_shoals_entry_centaurs, special_room
          [special_room_bee], kennysheep_abandoned_house,
          infiniplex_staircase_pool
Lair:4:   layout_small_grid, grunt_megastairs_2, serial_bayou_shore_a,
          uniq_kirke
Lair:5:   layout_layer_cave, st_stairs_12
Lair:6:   grunt_lair_end_beastmaster, layout_regular_city, slime_altar_1,
          gauntlet_entry_generic, grunt_megastairs_5

Skill      XL: |  1  2  3  4  5  6  7  8  9 10 11 12 13 14 |
---------------+-------------------------------------------+-----
Fighting       | 4 5 6 7 9 10 11 12 13 16 18 | 18.2
Axes           | 4 5 6 7 9 10 11 13 14 | 14.3
Armour         | 3 4 5 6 7 9 10 11 12 13 | 13.4
Shields        | 6 9 11 12 13 15 | 15.5
Dodging        | |  2.1

Action                   |  1- 3 |  4- 6 |  7- 9 | 10-12 | 13-15 || total
-------------------------+-------+-------+-------+-------+-------++-------
Melee: Hand axe          |    86 |   108 |   275 |   413 |    46 ||   928
       Headbutt          |    17 |    25 |    57 |   118 |    81 ||   298
       Executioner's axe |       |       |       |    45 |   356 ||   401
       Broad axe         |       |       |       |       |    22 ||    22
Invok: Trog's Hand       |       |     4 |     8 |    14 |    11 ||    37
       Berserk           |       |     2 |     5 |     9 |     8 ||    24
  Use: Scroll            |     7 |     5 |     8 |     6 |     6 ||    32
       Potion            |       |     2 |       |     2 |     1 ||     5
  Eat: Chunk             |     4 |     3 |    20 |    26 |    22 ||    75
       Ration            |       |     1 |     1 |     1 |     5 ||     8
Armor: Animal skin       |    15 |       |       |       |       ||    15
       Plate armour      |    16 |    53 |   114 |   237 |   313 ||   733
       Chain mail        |       |       |       |       |   117 ||   117
Dodge: Dodged            |    42 |    48 |    69 |   127 |   278 ||   564
Block: Kite shield       |       |       |    73 |   249 |    32 ||   354
